 Dungeon Crawl Stone Soup version 0.31-a0-728-g01b46875f1 (webtiles) character file.

Game seed: 9962759310469257953

4 Shayle the Changeling (level 1, 0/30 HPs)
             Began as an Ogre Shapeshifter on Sept 11, 2023.
             Slain by a goblin
             ... wielding a +4 dagger
              (2 damage)
             ... on level 1 of the Dungeon.
             The game lasted 00:00:29 (125 turns).

Shayle the Changeling (Ogre Shapeshifter)            Turns: 125, Time: 00:00:30

Health: 0/30       AC: 20    Str: 17    XL:     1   Next: 60%
Magic:  1/1        EV:  1    Int: 11    God:
Gold:   10         SH:  0    Dex:  8    Spells: 0/0 levels left

rFire   . .          .
                       - Unarmed
rCold   . . .        (no shield)
rNeg    . . .        a - melded +0 animal skin
rPois   +            (helmet currently unavailable)
rElec   .            (cloak currently unavailable)
rCorr   .            (gloves unavailable)
SInv    .            (boots unavailable)
Will    .....        (no amulet)
Stlth   +            (no ring)
HPRegen 0.25/turn    (no ring)
MPRegen 0.07/turn

%: no passive effects
@: tree-form
A: stationary, stasis, torment immunity, boosted hp, large, unfitting armour,
(tough skin 1)
a: no special abilities


You were on level 1 of the Dungeon.
You were a tree.
You visited 1 branch of the dungeon, and saw 1 of its levels.

You collected 10 gold pieces.

Inventory:

Armour
 a - a +0 animal skin (melded)
Jewellery
 g - an amulet of magic regeneration
Talismans
 c - a beast talisman
 d - a flux talisman
Scrolls
 e - a scroll of identify {unknown}
Potions
 f - a potion of invisibility {unknown}
 h - a potion of might {unknown}


   Skills:
 + Level 1.7 Fighting
 - Level 1.7 Dodging
 - Level 2.6 Unarmed Combat
 + Level 0.4 Spellcasting
 + Level 3.0 Shapeshifting


You couldn't memorise any spells.
You didn't know any spells.
Your spell library was empty.

Dungeon Overview and Level Annotations

Branches:
Dungeon (1/15)

Altars:


Innate Abilities, Weirdness & Mutations

You are a tree.
Your roots penetrate the ground, keeping you stationary.
You cannot be teleported.
You are immune to unholy pain and torment.
Your maximum health is greatly increased.
Your equipment is partially melded.
You are too large for most types of armour.
((You have tough skin. (AC +1)))


Message History

The ball python hisses angrily.
Found a dagger.
There is an open door here.
The endoplasm attacks as it pursues you!
The endoplasm closely misses you.
The endoplasm attacks as it pursues you!
The endoplasm hits you.
You hit the endoplasm.
The endoplasm is severely wounded.
The endoplasm closely misses you.
An endoplasm comes into view.
You punch the endoplasm!
You kill the endoplasm!
You hit the ball python.
You kill the ball python!
The kobold hits you with a +0 dagger.
You see here a ball python corpse.
You hit the kobold.
You kill the kobold!
A hobgoblin comes into view.
You closely miss the goblin.
The hobgoblin shouts!
The goblin hits you with a +4 dagger.
You miss the goblin. The goblin hits you with a +4 dagger.
You hit the goblin.
The goblin is heavily wounded.
The goblin hits you with a +4 dagger.
You closely miss the goblin.
The goblin is heavily wounded.
The endoplasm jiggles.
The goblin hits you with a +4 dagger.
* * * LOW HITPOINT WARNING * * *
You hit the goblin but do no damage.
The goblin is heavily wounded.
The goblin barely misses you.
Your transformation has ended.
You turn into a tree.
Your +0 animal skin melds into your body.
Your roots penetrate the ground.
The goblin hits you with a +4 dagger.
You die...

. ... ###....
#####.......
##+##..♣gJ......
#.....###g......
#....## ......#
#...## ......#
#...# ......#
##..# ###)...
##...# ####
#>..####
#......#


You could see an endoplasm, a hobgoblin and a goblin.

Vanquished Creatures
  An endoplasm (D:1)
  A ball python (D:1)
  A frilled lizard (D:1)
  2 kobolds (D:1)
5 creatures vanquished.

Notes
Turn   | Place    | Note
-------+----------+-------------------------------------------
     0 | D:1      | Shayle the Ogre Shapeshifter began the quest for the Orb.
     0 | D:1      | Reached XP level 1. HP: 19/19 MP: 1/1
   123 | D:1      | HP: 1/20 [goblin/+4 dagger (6)]
   125 | D:1      | Slain by a goblin

Illustrated notes

Levels and vault maps discovered:
D:1:      roderic_dead_forest, layout_basic

Action                     || total
---------------------------++-------
  Melee: Unarmed           ||    13
    Use: Potion            ||     1
 Armour: Animal skin       ||     8
         Skin              ||     1
  Dodge: Dodged            ||     3

Table legend: (Time is in decaauts)
 A = Elapsed time spent in this place.
 B = Non-inter-level travel time spent in this place.
 C = Inter-level travel time spent in this place.
 D = Time resting spent in this place.
 E = Time spent auto-exploring this place.
 F = Levels seen in this place.
 G = Mean time per level.
                   A        B        C        D        E       F      G
               +--------+--------+--------+--------+--------+-----+--------+
         Total |    124 |    124 |      0 |      0 |     72 |   1 |  124.0 |
       Dungeon |    124 |    124 |      0 |      0 |     72 |   1 |  124.0 |
               +--------+--------+--------+--------+--------+-----+--------+

Top non-repeatable levels by time:
     D:1: 124 daAuts
